[Event "Team 45 45 League T80"]
[Site "Internet Chess Club"]
[Date "2019.05.04"]
[Round "6"]
[White "freakypawn"]
[Black "bobhill"]
[Result "1/2-1/2"]
[WhiteElo "1786"]
[BlackElo "1806"]
[Opening "QGD: Tartakower (Makagonov-Bondarevsky) system"]
[ECO "D58"]
[Time "09:02:06"]
[TimeControl "2700+45"]

1. d4 d5 2. c4 e6 3. Nc3 Be7 4. Nf3 Nf6 5. Bg5 O-O 6. e3 h6 7. Bh4 b6 8. cxd5
exd5 9. Rc1 Re8 10. Be2 a6 11. O-O Be6 12. Ne5 c5 13. dxc5 bxc5 14. Bf3 Ra7 15.
Qa4 Nfd7 16. Bxe7 Rxe7 17. Nc6 Nxc6 18. Qxc6 Ne5 19. Qxc5 Nxf3+ 20. gxf3 Bh3 21.
Rfd1 Re5 22. Ne4 Rg5+ 23. Ng3 Qf6 24. f4 Rd7 25. Qc8+ Kh7 26. Qc2+ g6 27. Qe2
Rg4 28. f3 Rh4 29. Rd4 g5 30. Qd3+ Kg7 31. f5 Rxd4 32. exd4 Kh7 33. Nh5 Qd6 34.
Rc8 Rd8 35. Rxd8 Qxd8 36. Qxa6 Bxf5 37. Qf6 Qxf6 38. Nxf6+ Kg6 39. Nxd5 Bb1 40.
a4 Ba2 41. Nc3 Bc4 42. b4 Kf5 43. Kf2 Ke6 44. Ke3 f5 45. a5 Kd6 46. b5 h5 47. a6
Kc7 48. d5 Kb6 49. Kd4 Bb3 50. d6 Be6 51. Ke5 Bd7 52. Nd5+ Ka7 53. Nc7 g4 54.
fxg4 fxg4 55. Kf4 h4 56. b6+ Kxb6 57. Nd5+ Kxa6 58. Nf6 g3 59. hxg3 h3 60. Kf3
Bc6+ 61. Kf2 h2 62. d7 h1=Q 63. d8=Q Qf3+ 64. Ke1 Qxg3+ 65. Kd2 Qf2+ 66. Kc3
Qe1+ 67. Qd2 Qa1+ 68. Qb2 Qa5+ 69. Qb4 Qa1+ 70. Qb2 Qe1+ 71. Qd2 Qe6 72. Qd4 Bb5
73. Nd5 Qe1+ 74. Qd2 Qg3+ 75. Qe3 Qg7+ 76. Qd4 Qxd4+ 77. Kxd4 {Game drawn
because neither player has mating material} 1/2-1/2

[Event "Team 45 45 League T80"]
[Site "Internet Chess Club"]
[Date "2019.05.03"]
[Round "6"]
[White "Beetlejuice"]
[Black "Packerfan"]
[Result "1/2-1/2"]
[WhiteElo "1723"]
[BlackElo "1662"]
[Opening "Queen's gambit declined"]
[ECO "D30"]
[Time "15:00:52"]
[TimeControl "2700+45"]

1. d4 d5 2. c4 e6 3. Nf3 f5 4. Bf4 c6 5. e3 Bd6 6. Bxd6 Qxd6 7. Nbd2 Nf6 8. Bd3
O-O 9. Ne5 Nbd7 10. Nxd7 Bxd7 11. Qc2 Ne4 12. Nf3 Qb4+ 13. Ke2 Qe7 14. Ne5 Be8
15. f3 Nf6 16. Rae1 Nd7 17. Nxd7 Qxd7 18. Kf2 h6 19. f4 Bh5 20. Rhf1 Qe7 21. Kg1
Kh8 22. Rf2 Rg8 23. Be2 Bxe2 24. Rfxe2 Qf7 25. Kh1 g5 26. g3 g4 27. c5 Rg6 28.
Rg2 h5 29. Kg1 Rh6 30. Kf1 Kg7 31. Ke2 Rah8 32. Kd1 Qc7 33. Qa4 a6 34. Qb4 Kf6
35. Rh1 h4 36. Rf1 hxg3 37. hxg3 Ke7 38. a4 Kd8 39. Ke1 Kc8 40. Qd2 Qh7 41. Qe2
Rh1 42. b4 Rxf1+ 43. Qxf1 Kd7 44. a5 Ke7 45. Kf2 Kf7 46. Rg1 Qh2+ 47. Qg2 Qh7
48. Rf1 Qh2 49. Rg1 Qh6 50. Rf1 Kg6 51. Rg1 Qh3 52. Kf1 Rh6 53. Kf2 Qxg2+ 54.
Kxg2 Rh3 55. Rh1 {Game drawn by mutual agreement} 1/2-1/2

[Event "Team 45 45 League T80"]
[Site "Internet Chess Club"]
[Date "2019.05.04"]
[Round "6"]
[White "sergerich191"]
[Black "WillC"]
[Result "1/2-1/2"]
[WhiteElo "1722"]
[BlackElo "1681"]
[Opening "French: Burn variation"]
[ECO "C11"]
[Time "17:05:25"]
[TimeControl "2700+45"]

1. e4 e6 2. d4 d5 3. Nc3 Nf6 4. Bg5 dxe4 5. Nxe4 Be7 6. Bxf6 Bxf6 7. Nf3 O-O 8.
c3 b6 9. Nxf6+ Qxf6 10. Be2 Bb7 11. O-O Nd7 12. Qd2 Rad8 13. Qc2 c5 14. Rad1
cxd4 15. Nxd4 Nc5 16. Nf3 Be4 17. Qc1 Nd3 18. Bxd3 Bxd3 19. Rfe1 Bc4 20. b3 Bd5
21. Qe3 Bxf3 22. Qxf3 Qxf3 23. gxf3 g6 24. c4 Kg7 25. Kf1 Kf6 26. Ke2 Kf5 27.
Ke3 e5 28. Rd5 Ke6 29. Red1 Rxd5 30. Rxd5 f5 31. f4 exf4+ 32. Kxf4 Rc8 33. Kg5
Rc7 34. Kf4 h6 35. h4 Rg7 36. Re5+ Kf6 37. Rd5 g5+ 38. hxg5+ hxg5+ 39. Kf3 Ke6
40. Rd8 Ke5 41. Rd5+ Ke6 42. Rd8 Ke5 43. Rd5+ Ke6 44. Rd8 {Game drawn by
repetition} 1/2-1/2

[Event "Team 45 45 League T80"]
[Site "Internet Chess Club"]
[Date "2019.05.03"]
[Round "6"]
[White "Demachaeron"]
[Black "Gojira"]
[Result "1-0"]
[WhiteElo "1857"]
[BlackElo "1615"]
[Opening "Queen's pawn game"]
[ECO "D02"]
[Time "21:01:42"]
[TimeControl "2700+45"]

1. d4 d5 2. Nf3 Bf5 3. Bf4 e6 4. Nbd2 Bd6 5. Bg3 h6 6. e3 Nf6 7. c4 c6 8. Qb3 b6
9. Rc1 Bxg3 10. hxg3 Qd6 11. Ne5 O-O 12. Be2 Nfd7 13. c5 Nxc5 14. dxc5 Qxe5 15.
Nf3 Qc7 16. cxb6 Qxb6 17. Nd4 Bh7 18. O-O Rc8 19. Rc3 c5 20. Rfc1 Nd7 21. Qa3
Qd8 22. Ba6 Nb6 23. Bxc8 cxd4 24. exd4 Nxc8 25. Rc7 Bg6 26. R1c6 Nb6 27. b3 Rc8
28. Rxc8 Nxc8 29. Qc5 Ne7 30. Rc7 Kh7 31. Qxe7 Qb8 32. Rb7 Qc8 33. Qc7 Qf8 34.
Qc5 Qd8 35. Rxa7 Qg5 36. Qc3 Qg4 37. Qd2 Qe4 38. Rc7 h5 39. b4 h4 40. gxh4 Qxh4
41. b5 Qe4 42. Rc1 {Black resigns} 1-0

[Event "Team 45 45 League T80"]
[Site "Internet Chess Club"]
[Date "2019.05.03"]
[Round "6"]
[White "primerpaso"]
[Black "MarcB"]
[Result "1/2-1/2"]
[WhiteElo "1778"]
[BlackElo "1664"]
[Opening "English: symmetrical, Rubinstein system"]
[ECO "A34"]
[Time "20:00:47"]
[TimeControl "2700+45"]

1. c4 c5 2. Nc3 Nf6 3. g3 d5 4. cxd5 Nxd5 5. Bg2 Nc7 6. Nf3 Nc6 7. O-O e5 8. d3
Be7 9. Be3 O-O 10. Na4 b6 11. Rc1 Nd5 12. Bd2 Be6 13. a3 Qd7 14. Nc3 Rac8 15.
Nxd5 Bxd5 16. Bc3 f6 17. Nh4 Be6 18. Qd2 Nd4 19. Bxd4 cxd4 20. Rxc8 Rxc8 21. Rc1
g5 22. Nf3 Rxc1+ 23. Qxc1 Kf7 24. Nd2 h6 25. Qc6 Qxc6 26. Bxc6 f5 27. Kg2 Bd6
28. h3 Kf6 29. Nf3 Kg6 30. Nh2 h5 31. f3 Kf6 32. g4 h4 33. Nf1 Bb3 34. Nd2 Bd1
35. Kf2 Be7 36. Bd7 fxg4 37. fxg4 Bd8 38. Bb5 Kg7 39. Ke1 Bc2 40. Nc4 Bc7 41.
Nd2 Kg6 42. Kf2 Kh6 43. Bc6 Bd1 44. Ke1 Bc2 45. b3 Bd6 46. b4 a5 47. bxa5 bxa5
48. Nc4 Bc7 49. Kd2 {Game drawn by mutual agreement} 1/2-1/2

[Event "Team 45 45 League T80"]
[Site "Internet Chess Club"]
[Date "2019.05.04"]
[Round "6"]
[White "joaoazm"]
[Black "kabindra"]
[Result "1-0"]
[WhiteElo "1714"]
[BlackElo "1679"]
[Opening "Queen's gambit declined"]
[ECO "D30"]
[Time "18:46:25"]
[TimeControl "2700+45"]

1. d4 d5 2. c4 e6 3. Nf3 Nf6 4. g3 c6 5. cxd5 exd5 6. Bg2 h6 7. O-O Bd6 8. Nc3
Bf5 9. Nh4 Bh7 10. Qb3 b5 11. Nxb5 cxb5 12. Bxd5 Nxd5 13. Qxd5 Qe7 14. Qxa8 Be4
15. d5 O-O 16. Rd1 Na6 17. Qc6 Nb4 18. Qxb5 Nc2 19. f3 Bc5+ 20. Kf1 Nxa1 21.
fxe4 Nc2 22. d6 Bxd6 23. Qd3 Qf6+ 24. Nf3 Ne1 25. Rxe1 Rd8 26. Qc4 g5 27. Rd1
Re8 28. Qc6 Re6 29. Qa8+ Kg7 30. Rd5 Rxe4 31. Bxg5 hxg5 32. Rxg5+ Kh6 33. Qxe4
{Black resigns} 1-0

[Event "Team 45 45 League T80"]
[Site "Internet Chess Club"]
[Date "2019.05.05"]
[Round "6"]
[White "Achelous11"]
[Black "fireball"]
[Result "1/2-1/2"]
[WhiteElo "1622"]
[BlackElo "1586"]
[Opening "QGD Slav: 4.Nc3"]
[ECO "D15"]
[Time "09:24:50"]
[TimeControl "2700+45"]

1. d4 Nf6 2. c4 d5 3. Nc3 c6 4. Nf3 Bf5 5. e3 Qc7 6. Bd3 Bg6 7. O-O Nbd7 8. Re1
dxc4 9. Bxc4 Nb6 10. Bb3 e6 11. e4 O-O-O 12. Qe2 h5 13. Bg5 Be7 14. Bh4 Ng4 15.
Bg3 Bd6 16. e5 Be7 17. h3 Nh6 18. Rac1 Qd7 19. Red1 Nf5 20. Bf4 Kb8 21. a4 Nd5
22. Be3 Ndxe3 23. fxe3 Ng3 24. Qc4 Nf5 25. Qe2 Ng3 26. Qc4 Ne4 27. a5 Nxc3 28.
Rxc3 Be4 29. Nd2 Bd5 30. Qa4 Bxb3 31. Qxb3 Rh6 32. Rdc1 Qd5 33. Qxd5 exd5 34. a6
Bb4 35. Rd3 bxa6 36. Rb3 a5 37. Ra1 Ka8 38. Nf3 Rb8 39. Rd3 Kb7 40. Ng5 Rf8 41.
Rf1 f5 42. exf6 Rhxf6 43. Nf3 g5 44. Rfd1 g4 45. hxg4 hxg4 46. Ne5 Rg8 47. Rc1
g3 48. Rf1 Rxf1+ 49. Kxf1 Rh8 50. Ke2 Rf8 51. Nf3 a4 52. Rd1 a3 53. bxa3 Bxa3
54. Rh1 a5 55. Rh3 Rg8 56. Ne5 Bb4 57. Nd3 Bc3 58. Kd1 a4 59. Nc5+ Kc7 60. Nxa4
Bb4 61. Nb2 Bd6 62. Nd3 Rg4 63. Ke2 Kb6 64. Kf3 Re4 65. Rh6 Kc7 66. Rg6 Kd7 67.
Rxg3 Rxe3+ 68. Kxe3 Bxg3 69. Kf3 Bd6 70. Kg4 Ke6 71. Kg5 Bb8 72. g4 Ba7 73. Nf4+
Kf7 74. Ne2 c5 75. dxc5 Bxc5 76. Nf4 Be3 77. Kf5 Bxf4 78. Kxf4 Kg6 {Game drawn
by mutual agreement} 1/2-1/2

[Event "Team 45 45 League T80"]
[Site "Internet Chess Club"]
[Date "2019.05.03"]
[Round "6"]
[White "Insan996"]
[Black "julesraider"]
[Result "1/2-1/2"]
[WhiteElo "1584"]
[BlackElo "1591"]
[Opening "King's Indian: fianchetto, classical variation"]
[ECO "E67"]
[Time "17:38:35"]
[TimeControl "2700+45"]

1. d4 Nf6 2. Nf3 g6 3. c4 Bg7 4. Nc3 O-O 5. g3 d6 6. Bg2 Nbd7 7. O-O e5 8. dxe5
dxe5 9. Qc2 c6 10. b3 Re8 11. Nd2 a5 12. Bb2 Nc5 13. Nde4 Nfxe4 14. Nxe4 Bf5 15.
a3 Qb6 16. Rab1 Nxb3 17. Bxe5 Bxe4 18. Bxe4 Rxe5 19. Rxb3 Qc7 20. Rfb1 Rb8 21.
Bf3 Re7 22. Rd3 Rd7 23. Rbd1 Rbd8 24. R1d2 Bf8 25. Qd1 Rd6 26. Rxd6 Bxd6 27. a4
Be7 28. e3 Rxd2 29. Qxd2 Bb4 30. Qd4 Qe7 31. Qe4 Qd7 32. Qd4 Qe7 33. Qe4 Kf8 34.
Kf1 Qf6 35. Bd1 Qc3 36. Qc2 Qe5 37. Qd3 Ke7 38. Qd4 Qe6 39. Bg4 f5 40. Be2 Qd7
41. Qe5+ Kf7 42. Qd4 Qc7 43. Bf3 b6 44. e4 Bc5 45. Qh8 Ke6 46. Qg8+ Ke5 47. Qe8+
Kd4 48. Qe6 Qd6 49. exf5 Qxe6 50. fxe6 Kxc4 51. Bxc6 Kd4 52. Ke2 g5 53. f4 h6
54. f5 Ke5 55. g4 Kf6 56. Kd3 h5 57. h3 hxg4 58. hxg4 Ke5 59. Bf3 Kd6 60. Ke4
Ke7 61. Ke5 Bd6+ 62. Kd5 Bf4 63. Kc6 Be3 64. Be4 Bd4 {Game drawn by mutual
agreement} 1/2-1/2

[Event "Team 45 45 League T80"]
[Site "Internet Chess Club"]
[Date "2019.05.05"]
[Round "6"]
[White "Portola"]
[Black "Zugzwanged"]
[Result "0-1"]
[WhiteElo "1796"]
[BlackElo "1747"]
[Opening "Colle system"]
[ECO "A45"]
[Time "08:32:28"]
[TimeControl "2700+45"]

1. d4 Nf6 2. c3 e6 3. Nf3 c5 4. e3 d5 5. Bd3 Nc6 6. Nbd2 Bd6 7. Qe2 O-O 8. O-O
Qc7 9. h3 e5 10. dxe5 Nxe5 11. Nxe5 Bxe5 12. e4 Re8 13. Qf3 Be6 14. exd5 Bxd5
15. Qf5 h6 16. Bc4 Rad8 17. Bxd5 Rxd5 18. Qf3 c4 19. Qd1 Bf4 20. Qc2 Re2 21. Rd1
Qd6 22. Kf1 Qe6 23. b3 Rde5 24. Bb2 Qb6 25. Ne4 Rxc2 26. Rd6 Qb5 27. Rd8+ Kh7
28. Nxf6+ gxf6 29. Ba3 Qb6 30. Rd4 Bd2 31. Rd7 Bxc3 32. Rxf7+ Kg6 {White
resigns} 0-1

[Event "Team 45 45 League T80"]
[Site "Internet Chess Club"]
[Date "2019.05.02"]
[Round "6"]
[White "tightfist"]
[Black "QuieroAprender"]
[Result "0-1"]
[WhiteElo "1468"]
[BlackElo "1625"]
[Opening "Réti opening"]
[ECO "A05"]
[Time "22:36:37"]
[TimeControl "2700+45"]

1. Nf3 Nf6 2. b4 g6 3. Bb2 Bg7 4. c4 O-O 5. Nc3 d6 6. d4 Bg4 7. e3 a6 8. Be2 Nc6
9. a3 e5 10. h3 Bxf3 11. Bxf3 exd4 12. exd4 Re8+ 13. Be2 Ne4 14. Nd5 Qh4 15. O-O
Nxf2 16. Rxf2 Nxd4 17. Nxc7 Rac8 18. Nxe8 Rxe8 19. Bxd4 Bxd4 20. Qf1 Re6 21. Ra2
Rf6 22. Bf3 Qg3 23. Rd2 Be3 24. Re2 Rxf3 25. Rxe3 Rxe3 26. Re2 Rxe2 27. Qxe2
Qxa3 28. Qd2 Qa1+ 29. Kh2 Qe5+ 30. Kg1 b6 31. Kh1 a5 32. bxa5 Qa1+ 33. Kh2 bxa5
34. Qxd6 a4 35. c5 a3 36. c6 a2 37. c7 Qc1 38. Qd8+ Kg7 39. Qd4+ Kh6 40. Qh4+
Kg7 41. Qd4+ f6 42. Qd7+ Kh6 43. c8=Q Qf4+ 44. g3 Qf2+ 45. Kh1 a1=Q+ 46. Qc1+
Qxc1+ {White resigns} 0-1

[Event "Team 45 45 League T80"]
[Site "Internet Chess Club"]
[Date "2019.05.04"]
[Round "6"]
[White "jjmolina"]
[Black "Monterrey"]
[Result "0-1"]
[WhiteElo "1660"]
[BlackElo "1988"]
[Opening "French: Winawer, advance, positional main line"]
[ECO "C19"]
[Time "15:07:15"]
[TimeControl "2700+45"]

1. e4 e6 2. d4 d5 3. Nc3 Bb4 4. e5 c5 5. a3 Bxc3+ 6. bxc3 Ne7 7. Nf3 b6 8. Bb5+
Bd7 9. Bd3 c4 10. Be2 Ba4 11. O-O h6 12. Re1 Kd7 13. Nd2 Qg8 14. Bf3 Nbc6 15.
Rb1 Qh7 16. Rb2 Kc7 17. Nf1 Rae8 18. Ne3 b5 19. Qd2 Rhf8 20. g3 Rd8 21. Bg2 Nf5
22. Nxf5 Qxf5 23. Re4 dxe4 {White resigns} 0-1

[Event "Team 45 45 League T80"]
[Site "Internet Chess Club"]
[Date "2019.05.05"]
[Round "6"]
[White "laurenpar"]
[Black "LinceHispano44"]
[Result "0-1"]
[WhiteElo "1871"]
[BlackElo "1746"]
[Opening "Nimzovich-Larsen attack: classical variation"]
[ECO "A01"]
[Time "04:18:54"]
[TimeControl "2700+45"]

1. b3 d5 2. Bb2 c5 3. e3 Nc6 4. Bb5 Qc7 5. c4 dxc4 6. Nf3 cxb3 7. Qxb3 Bd7 8.
Na3 Nf6 9. Rc1 e6 10. O-O Be7 11. d4 b6 12. dxc5 bxc5 13. Rfd1 O-O 14. Qc3 Rfd8
15. Nc4 Be8 16. Ncd2 Ne5 17. Be2 Nxf3+ 18. Bxf3 Bc6 19. Bxc6 Qxc6 20. Ba3 Qa4
21. Qb3 Qa5 22. Nc4 Rxd1+ 23. Rxd1 Qc7 24. h3 h6 25. Rb1 Rd8 26. Qa4 Ne4 27. Bb2
Nd2 28. Nxd2 Rxd2 29. Bc3 Rd5 30. g3 h5 31. Qe8+ Kh7 32. Qxf7 Rg5 33. f4 Rxg3+
34. Kf2 Rg6 35. Qe8 Bh4+ 36. Kf1 Qd6 37. Ke2 Rg2+ 38. Kf3 Rf2+ 39. Ke4 Qd5#
{White checkmated} 0-1

[Event "Team 45 45 League T80"]
[Site "Internet Chess Club"]
[Date "2019.05.01"]
[Round "6"]
[White "Otelo"]
[Black "QuieroAprender"]
[Result "1-0"]
[WhiteElo "1700"]
[BlackElo "1615"]
[Opening "Réti: King's Indian attack"]
[ECO "A05"]
[Time "20:10:20"]
[TimeControl "2700+45"]

1. Nf3 Nf6 2. g3 g6 3. Bg2 Bg7 4. c4 O-O 5. Nc3 d6 6. O-O Nc6 7. Rb1 e5 8. d3
Ne7 9. b4 c6 10. b5 Bd7 11. a4 a5 12. bxa6 bxa6 13. Ba3 c5 14. Qc2 Bc6 15. Rb2
Qc7 16. Rfb1 Rfb8 17. Nd2 Rxb2 18. Qxb2 Bxg2 19. Kxg2 Nc6 20. Nd5 Nxd5 21. cxd5
Nb4 22. Bxb4 Rb8 23. Qc2 Qb7 24. Ba3 Qxd5+ 25. e4 Qa8 26. Nc4 Rxb1 27. Qxb1 Qd8
28. Qb6 Qxb6 29. Nxb6 Bf8 30. Nd5 {Black resigns} 1-0

[Event "Team 45 45 League T80"]
[Site "Internet Chess Club"]
[Date "2019.05.04"]
[Round "6"]
[White "limeinthecoke"]
[Black "fishhead"]
[Result "1-0"]
[WhiteElo "1768"]
[BlackElo "1718"]
[Opening "English opening"]
[ECO "A16"]
[Time "15:01:13"]
[TimeControl "2700+45"]

1. c4 Nf6 2. Nc3 g6 3. e4 d6 4. d4 c6 5. Nf3 Bg7 6. Be2 Qc7 7. Bf4 Nh5 8. Be3
Nd7 9. O-O e5 10. Qd2 O-O 11. Rad1 Re8 12. d5 c5 13. Rfe1 a6 14. Rb1 Nhf6 15. h3
Nf8 16. Nh2 Bd7 17. b4 b6 18. a3 Reb8 19. Ng4 Nxg4 20. hxg4 f5 21. gxf5 gxf5 22.
exf5 Bxf5 23. Bd3 Qd7 24. Bxf5 Qxf5 25. Bh6 Ng6 26. Ne4 Qf8 27. Bxg7 Kxg7 28.
Rb3 Rd8 29. Ng5 {Black resigns} 1-0

[Event "Team 45 45 League T80"]
[Site "Internet Chess Club"]
[Date "2019.05.05"]
[Round "6"]
[White "room-matt"]
[Black "freakypawn"]
[Result "1-0"]
[WhiteElo "1774"]
[BlackElo "1769"]
[Opening "French: Burn variation"]
[ECO "C11"]
[Time "09:04:30"]
[TimeControl "2700+45"]

1. e4 e6 2. d4 d5 3. Nc3 Nf6 4. Bg5 dxe4 5. Nxe4 Be7 6. Bxf6 gxf6 7. Nf3 Nc6 8.
c3 f5 9. Ng3 b6 10. Bb5 Bd7 11. Qe2 Qc8 12. d5 Nb8 13. dxe6 fxe6 14. Qxe6 c6 15.
Qe5 O-O 16. Bc4+ {Black resigns} 1-0

[Event "Team 45 45 League T80"]
[Site "Internet Chess Club"]
[Date "2019.05.03"]
[Round "6"]
[White "Beddathanme"]
[Black "zap2"]
[Result "1-0"]
[WhiteElo "1763"]
[BlackElo "1558"]
[Opening "Philidor: Nimzovich, Lärobok variation"]
[ECO "B07"]
[Time "09:34:16"]
[TimeControl "2700+45"]

1. e4 d6 2. d4 Nf6 3. Nc3 e5 4. Nf3 Nbd7 5. Bc4 Be7 6. Ng5 O-O 7. Bxf7+ Rxf7 8.
Ne6 Qe8 9. Nxc7 Qf8 10. Nxa8 exd4 11. Qxd4 Ne5 12. Nc7 Nfg4 13. Be3 Bf6 14. Qd5
Nxe3 15. fxe3 Ng4 16. Nd1 Be5 17. Ne6 Qe7 18. Nf4 Nxe3 19. Nxe3 Bxf4 20. Qd3 Qg5
21. Qc4 Qh4+ 22. g3 Bxg3+ 23. Kd2 Bf4 24. Qxc8+ Rf8 25. Qc4+ Kh8 26. Raf1 d5 27.
Qc5 Rd8 28. exd5 Qg5 29. c4 Re8 30. Re1 Qg2+ 31. Kc3 Be5+ 32. Kb3 Qxb2+ 33. Ka4
Qxa2+ 34. Qa3 Qd2 35. Rhf1 Bd4 36. Rf8+ {Black resigns} 1-0

[Event "Team 45 45 League T80"]
[Site "Internet Chess Club"]
[Date "2019.05.06"]
[Round "6"]
[White "Goli"]
[Black "nealbruce"]
[Result "1-0"]
[WhiteElo "1681"]
[BlackElo "1710"]
[Opening "Ruy Lopez: exchange variation"]
[ECO "C68"]
[Time "16:30:47"]
[TimeControl "2700+45"]

1. e4 e5 2. Nf3 Nc6 3. Bb5 a6 4. Bxc6 dxc6 5. h3 f6 6. O-O Be6 7. d4 exd4 8.
Nxd4 Bf7 9. Re1 c5 10. Nf3 Qxd1 11. Rxd1 Bd6 12. Nc3 O-O-O 13. Be3 Ne7 14. Nd5
Nxd5 15. exd5 Rhe8 16. c4 Bh5 17. g4 Bg6 18. Re1 Re7 19. Bd2 Rde8 20. Rxe7 Rxe7
21. Be3 Be4 22. Nd2 Bd3 23. b3 f5 24. gxf5 Bxf5 25. Kg2 g5 26. Nf1 g4 27. hxg4
Bxg4 28. Ng3 b6 29. Rh1 Rf7 30. Re1 Bf3+ 31. Kg1 h5 32. Bg5 Rg7 33. Re8+ Kb7 34.
Bh4 Rg4 35. Re3 Bd1 36. Re4 Rxe4 37. Nxe4 Bc2 38. f3 Bb1 39. Nc3 Bd3 40. Kf2 Be5
41. Ke3 Bf5 42. Ne4 Kc8 43. Bg5 Kd7 44. Bf4 Bd4+ 45. Ke2 c6 46. dxc6+ Kxc6 47.
a4 h4 48. Bg5 h3 49. Bf4 b5 50. cxb5+ axb5 51. axb5+ Kxb5 52. Nd6+ Kb4 53. Nxf5
Bg1 54. Kf1 h2 55. Kg2 Kxb3 56. Bxh2 Bxh2 57. Kxh2 Kc2 58. Nd6 Kd3 59. Kg3 Kd4
60. Kf4 Kd5 61. Ne4 c4 62. Ke3 Ke5 63. Nc3 Kf5 64. f4 Ke6 65. Kd4 Kf5 66. Ne2
{Black resigns} 1-0

[Event "Team 45 45 League T80"]
[Site "Internet Chess Club"]
[Date "2019.05.06"]
[Round "6"]
[White "wildwood"]
[Black "QuieroAprender"]
[Result "0-1"]
[WhiteElo "1557"]
[BlackElo "1708"]
[Opening "Ruy Lopez: Cozio defense"]
[ECO "C60"]
[Time "13:30:30"]
[TimeControl "2700+45"]

1. e4 e5 2. Nf3 Nc6 3. Bb5 Nge7 4. O-O a6 5. Ba4 Ng6 6. d3 Be7 7. Nbd2 O-O 8. c3
d6 9. Re1 b5 10. Bb3 Na5 11. Bc2 c5 12. Nf1 Bg4 13. Ne3 Qd7 14. Nd5 Nh4 15. Nxe5
dxe5 16. Nxe7+ Kh8 17. f3 Bxf3 18. gxf3 Qxe7 19. Kh1 f5 20. Rg1 f4 21. Bd2 Nc6
22. Be1 Rad8 23. Bf2 Ng6 24. Qe1 b4 25. Rd1 Na5 26. Rg4 Rb8 27. Qg1 Rfc8 28. c4
b3 29. axb3 Nxb3 30. Bxb3 Rxb3 31. Rd2 Rcb8 32. Bxc5 Qd7 33. Qf1 Rxb2 34. Rxb2
Rxb2 35. Rg2 Rb3 36. Rd2 a5 37. d4 a4 38. d5 Nh4 39. Rd3 Qb7 40. d6 Qd7 41. Rxb3
axb3 42. Qd3 Qh3 43. Qe2 b2 44. Qxb2 Qf1+ 45. Bg1 Qxf3+ 46. Qg2 Qxg2# {White
checkmated} 0-1

[Event "Team 45 45 League T80"]
[Site "Internet Chess Club"]
[Date "2019.05.01"]
[Round "6"]
[White "justice02"]
[Black "tightfist"]
[Result "1-0"]
[WhiteElo "1614"]
[BlackElo "1478"]
[Opening "French: Schlechter variation"]
[ECO "C01"]
[Time "20:43:59"]
[TimeControl "2700+45"]

1. e4 e6 2. d4 d5 3. Bd3 c5 4. c3 cxd4 5. cxd4 Bb4+ 6. Nd2 dxe4 7. Bb5+ Bd7 8.
Bxd7+ Qxd7 9. Ne2 Nf6 10. O-O O-O 11. Nb3 Nc6 12. h3 b6 13. Bg5 Nd5 14. Rc1 f5
15. Be3 Rac8 16. a3 Bd6 17. g3 Rc7 18. Qd2 Rfc8 19. Rfd1 Nce7 20. Rxc7 Rxc7 21.
Rc1 Qb5 22. Rxc7 Bxc7 23. Nbc1 Kf7 24. Nc3 Qc4 25. Nxd5 Nxd5 26. Kg2 a6 27. Bg5
b5 28. Qd1 Kg6 29. h4 e5 30. Nb3 exd4 31. Nxd4 Be5 32. Ne6 Ne3+ 33. Bxe3 Qxe6
34. b4 Qd6 35. h5+ Kf6 36. Qc1 h6 37. Qc8 Qe6 38. Qa8 Bb2 39. Qd8+ Qe7 40. Qc8
Qe6 41. Qc5 Kf7 42. Qa7+ Kf6 43. Bc5 g5 44. Bf8 f4 45. Qg7+ Kf5 46. Qxb2 fxg3
47. fxg3 e3 48. Qe2 g4 49. Bc5 Qe8 50. Bxe3 Qxh5 51. Qf2+ Ke6 52. Qf4 Qd5+ 53.
Kf2 Qa2+ 54. Bd2 Qxa3 55. Qxh6+ Kf5 56. Qg5+ Ke6 57. Qxg4+ Kd6 58. Qd4+ Ke6 59.
Qe3+ Qxe3+ 60. Kxe3 Ke5 61. g4 Kd5 62. Kd3 Ke5 63. g5 Kd5 64. g6 Ke6 65. Bc3 Ke7
66. Ke4 Ke6 67. g7 Kf7 68. Kd5 Kg8 69. Ke6 Kh7 70. Kf7 {Black resigns} 1-0

[Event "Team 45 45 League T80"]
[Site "Internet Chess Club"]
[Date "2019.05.02"]
[Round "6"]
[White "Kingofknights"]
[Black "mongmong"]
[Result "1-0"]
[WhiteElo "1481"]
[BlackElo "1543"]
[Opening "Nimzo-Indian: 4.e3 O-O, 5.Bd3 d5"]
[ECO "E48"]
[Time "17:01:04"]
[TimeControl "2700+45"]

1. d4 e6 2. c4 Nf6 3. Nc3 Bb4 4. e3 O-O 5. Bd3 d5 6. Ne2 dxc4 7. Bxc4 c5 8. a3
Bxc3+ 9. Nxc3 cxd4 10. exd4 Nc6 11. Be3 Nd5 12. Nxd5 exd5 13. Be2 Be6 14. O-O
Qf6 15. Qd2 h6 16. Bf3 Rac8 17. b4 b6 18. Rac1 Ne7 19. Qa2 Rc4 20. Rxc4 dxc4 21.
d5 Bxd5 22. Bxd5 Nxd5 23. Qxc4 Nxe3 24. fxe3 Qe7 25. Qc3 Re8 26. Rf3 f6 27. Rg3
Qe5 28. Qd4 Qxd4 29. exd4 Re1+ 30. Kf2 Rd1 31. Ke3 Kf7 32. Ke4 Rc1 33. Kd5 g6
34. Kd6 Rc8 35. Kd7 Rb8 36. d5 Rb7+ 37. Kc6 Rb8 38. Kc7 Re8 39. d6 f5 40. d7 Re7
41. Kc8 f4 42. Rd3 {Black resigns} 1-0

[Event "Team 45 45 League T80"]
[Site "Internet Chess Club"]
[Date "2019.05.04"]
[Round "6"]
[White "dabodhi"]
[Black "kingphisch"]
[Result "1/2-1/2"]
[WhiteElo "1309"]
[BlackElo "1399"]
[Opening "Caro-Kann: two knights variation"]
[ECO "B11"]
[Time "15:01:32"]
[TimeControl "2700+45"]

1. e4 c6 2. Nc3 d5 3. Nf3 dxe4 4. Nxe4 Nf6 5. Nxf6+ exf6 6. g3 Be7 7. Bg2 Be6 8.
O-O O-O 9. d4 Nd7 10. c3 Nb6 11. b3 Qd7 12. Re1 Rfe8 13. Bb2 Rad8 14. c4 Qc7 15.
Qc2 Qc8 16. Rad1 a5 17. Re3 a4 18. Qe2 {Game drawn by mutual agreement} 1/2-1/2

[Event "Team 45 45 League T80"]
[Site "Internet Chess Club"]
[Date "2019.05.04"]
[Round "6"]
[White "idjit"]
[Black "kabindra"]
[Result "1-0"]
[WhiteElo "1652"]
[BlackElo "1695"]
[Opening "King's pawn game"]
[ECO "C50"]
[Time "11:01:17"]
[TimeControl "2700+45"]

1. e4 e5 2. Nf3 Nc6 3. Bc4 Nd4 4. c3 Nxf3+ 5. Qxf3 Qf6 6. Qg3 Ne7 7. d3 Qg6 8.
Be3 Qxg3 9. hxg3 c6 10. Nd2 d5 11. Bb3 Be6 12. Nf3 f6 13. Nd2 Ng6 14. f4 exf4
15. gxf4 Bf7 16. d4 Bd6 17. e5 fxe5 18. fxe5 Be7 19. Nf3 h6 20. Ke2 O-O-O 21.
Raf1 Be6 22. Bc2 Nf8 23. Bg5 Re8 24. Bxe7 Rxe7 25. Nh4 Bg4+ 26. Ke3 Kb8 27. Rf4
h5 28. Nf5 Bxf5 29. Rxf5 g6 30. Rf6 Rg8 31. Rhf1 Re8 32. Rd6 g5 33. Rf7 Ne6 34.
Rdd7 Nd8 35. Rg7 Rxg7 36. Rxg7 Ne6 37. Rg6 g4 38. Bf5 Nc7 39. Rh6 Rg8 40. Rxh5
Ne8 41. Rh4 Ng7 42. Bxg4 Rf8 43. Rh3 Kc7 44. Rf3 Rxf3+ 45. gxf3 Kd8 46. f4 Ke7
47. f5 Ne8 48. f6+ Kf8 49. Kf4 b6 50. Kf5 c5 51. e6 Nd6+ 52. Ke5 Nc4+ 53. Kf4
Nd6 54. Bh5 Kg8 55. Ke5 Nc4+ 56. Kxd5 Ne3+ 57. Kc6 Nf5 58. e7 {Black resigns}
1-0

[Event "Team 45 45 League T80"]
[Site "Internet Chess Club"]
[Date "2019.05.05"]
[Round "6"]
[White "julesraider"]
[Black "evan7284"]
[Result "1-0"]
[WhiteElo "1608"]
[BlackElo "1597"]
[Opening "Queen's pawn, Mason variation"]
[ECO "D00"]
[Time "12:02:05"]
[TimeControl "2700+45"]

1. d4 d5 2. Bf4 e6 3. e3 Bd6 4. Bg3 Nf6 5. Nf3 c6 6. Nbd2 Qc7 7. Bd3 Nbd7 8. c3
e5 9. e4 exd4 10. Bxd6 Qxd6 11. cxd4 dxe4 12. Nxe4 Nxe4 13. Bxe4 Qb4+ 14. Qd2
Qxd2+ 15. Nxd2 Nf6 16. Bc2 Be6 17. O-O O-O 18. Bb3 Bxb3 19. Nxb3 Rad8 20. Rad1
Rd6 21. Nc5 b6 22. Nb3 Rfd8 23. Rfe1 Kf8 24. f3 c5 25. Kf2 cxd4 26. Rd3 Rd5 27.
Rc1 R8d7 28. Rc8+ Ke7 29. Rc4 g6 30. Nxd4 Kf8 31. Ke3 Re7+ 32. Kd2 Red7 33. Kc3
b5 34. Rc8+ Kg7 35. Rd2 h5 36. Rc6 Ng8 37. Nb3 Ne7 38. Rc5 Rxc5+ 39. Nxc5 Rxd2
40. Kxd2 Nd5 41. a3 Kf6 42. Ne4+ Ke5 43. g3 b4 44. a4 Kd4 45. Nd6 Nb6 46. b3 f5
47. Nb5+ Kc5 48. Nxa7 Nd5 49. Kd3 f4 50. Nb5 fxg3 51. hxg3 g5 52. Nd4 Kd6 53.
Ke4 Kc5 {Black resigns} 1-0